 Dungeon Crawl Stone Soup version 0.23.2-40-g277498a (webtiles) character file.

Game seed: 14428314423098936415

35984 Aisha the Grappler (level 13, 0/132 HPs)
             Began as a White Draconian Transmuter on Sept 26, 2019.
             Was the Champion of Kikubaaqudgha.
             Slain by a five-headed hydra (7 damage)
             ... on level 12 of the Dungeon.
             The game lasted 01:09:47 (25074 turns).

Aisha the Grappler (White Draconian Transmuter)    Turns: 25074, Time: 01:09:50

Health: 0/132      AC:  7    Str: 14    XL:     13   Next: 50%
Magic:  18/22      EV: 12    Int: 17    God:    Kikubaaqudgha [******]
Gold:   633        SH:  0    Dex: 12    Spells: 2/24 levels left

rFire    x . .     SeeInvis +     - Unarmed
rCold    + + +     Gourm    .   (shield currently unavailable)
rNeg     . . .     Faith    +   (armour unavailable)
rPois    +         Spirit   .   (helmet currently unavailable)
rElec    .         Reflect  .   (cloak currently unavailable)
rCorr    .         Harm     .   (gloves currently unavailable)
MR       +....                  (boots currently unavailable)
Stlth    +.........             T - amulet of faith {!P}
HPRegen  0.32/turn              G - ring "Erod" {+Fly rPois SInv}
MPRegen  0.18/turn              M - ring of protection from magic

@: ice-form
A: large, (breathe frost), unfitting armour, AC +8
a: End Transformation, Receive Corpses, Torment, Brand Weapon With Pain, Receive
Necronomicon, Renounce Religion, Evoke Flight


You were on level 12 of the Dungeon.
You worshipped Kikubaaqudgha.
Kikubaaqudgha was exalted by your worship.
You were not hungry.
You were a creature of crystalline ice.
You visited 3 branches of the dungeon, and saw 18 of its levels.

You collected 1142 gold pieces.
You spent 509 gold pieces at shops.


Innate Abilities, Weirdness & Mutations

((You can breathe waves of freezing cold.))
((You can buffet flying creatures when you breathe cold.))
((Your icy white scales are hard. (AC +8)))
You cannot fit into any form of body armour.
((Your flesh is cold resistant. (rC+)))
((You are cold-blooded and may be slowed by cold attacks.))


   Skills:
 + Level 8.9 Fighting
 * Level 5.1 Dodging
 - Level 14.9 Unarmed Combat
 - Level 6.0 Spellcasting
 - Level 4.0 Conjurations
 - Level 4.0 Charms
 - Level 4.0 Necromancy
 - Level 3.0 Translocations
 - Level 9.0 Transmutations
 - Level 8.5 Ice Magic


You had 2 spell levels left.
You knew the following spells:

 Your Spells              Type           Power        Failure   Level  Hunger
a - Blade Hands           Tmut           #####.....   9%          5    #####..
c - Throw Icicle          Conj/Ice       ####....     10%         4    ####...
e - Beastly Appendage     Tmut           #####.       1%          1    None
i - Spider Form           Tmut/Pois      ###.......   6%          3    ##.....
o - Ice Form              Ice/Tmut       #####...     3%          4    ####...
I - Blink                 Tloc           N/A          5%          2    None
X - Regeneration          Chrm/Necr      ###.......   8%          3    ##.....

Your spell library contained the following spells:

 Spells                   Type           Power        Failure   Level  Hunger
 Freeze                   Ice            ####         1%          1    None
 Sticks to Snakes         Tmut           #####...     1%          2    None
 Throw Frost              Conj/Ice       ####..       1%          2    None
 Magic Dart               Conj           ###.         2%          1    None
 Pain                     Necr           ###.         2%          1    None
 Corpse Rot               Necr           N/A          3%          2    None
 Sublimation of Blood     Necr           ###.......   3%          2    None
 Shroud of Golubria       Chrm/Tloc      ###.......   4%          2    None
 Flame Tongue             Conj/Fire      ##...        5%          1    None
 Throw Flame              Conj/Fire      ##....       9%          2    None
 Corona                   Hex            #......      13%         1    None
 Call Imp                 Summ           #.......     19%         2    None
 Slow                     Hex            #.......     19%         2    None
 Ozocubu's Armour         Chrm/Ice       ####....     3%          3    ##.....
 Gell's Gravitas          Tloc           ###.......   11%         3    ##.....
 Lesser Beckoning         Tloc           ###.......   11%         3    ##.....
 Teleport Other           Tloc           ###.....     11%         3    ##.....
 Conjure Flame            Conj/Fire      ##......     17%         3    ##.....
 Portal Projectile        Hex/Tloc       ##....       21%         3    ##.....
 Mephitic Cloud           Conj/Pois/Air  #.......     22%         3    ##.....
 Summon Ice Beast         Ice/Summ       ###.....     22%         4    ####...
 Animate Dead             Necr           N/A          24%         4    ####...
 Inner Flame              Hex/Fire       #.......     36%         3    ##.....
 Passage of Golubria      Tloc           N/A          36%         4    ####...
 Sticky Flame             Conj/Fire      ##......     50%         4    ####...
 Bolt of Draining         Conj/Necr      ###.......   56%         5    #####..
 Dispel Undead            Necr           ###.....     56%         5    #####..
 Excruciating Wounds      Chrm/Necr      ###.......   56%         5    #####..
 Cause Fear               Hex            #.........   77%         4    ####...
 Leda's Liquefaction      Hex/Erth       #.........   77%         4    ####...
 Fireball                 Conj/Fire      ##........   83%         5    #####..
 Death Channel            Necr           ###.......   98%         6    #######

Inventory:

Missiles
 a - 288 arrows
Armour
 f - a +0 buckler
 v - a +1 pair of gloves (melded)
 C - a +2 cloak (melded)
 H - a cursed +0 pair of boots (melded)
Magical Staves
 A - an uncursed staff of wizardry {!a, unknown}
Jewellery
 n - an uncursed ring of positive energy
 F - an uncursed ring of fire
 G - the ring "Erod" (left front paw) {+Fly rPois SInv}
   (You bought it in a shop on level 4 of the Dungeon)

   [ring of flight]

   It protects you from poison.
   It lets you see invisible.
   It lets you fly.
 M - a ring of protection from magic (right front paw)
 N - an uncursed ring of positive energy
 R - an uncursed ring of resist corrosion
 T - an amulet of faith (around neck) {!P}
 Y - a +1 ring of slaying
Wands
 o - a wand of flame (29)
 r - a wand of disintegration (17)
 y - a wand of scattershot (6)
 B - a wand of acid (3)
 D - a wand of clouds (4)
 I - a wand of paralysis (6)
 O - a wand of random effects (10)
Scrolls
 g - a scroll of fog {unknown}
 h - 2 scrolls of enchant weapon
 i - 7 scrolls of remove curse {@r2}
 k - 3 scrolls of amnesia
 l - a scroll of magic mapping {unknown}
 s - a scroll of summoning {unknown}
 t - 6 scrolls of teleportation {@r4}
 w - 2 scrolls of blinking
 x - a scroll of random uselessness {unknown}
 J - a scroll of vulnerability {unknown}
 S - a scroll of immolation {!r}
 V - a scroll of fear {unknown}
 X - a scroll of enchant armour
Potions
 b - 6 potions of lignification {!q}
 d - 3 potions of berserk rage {!q}
 e - a potion of cancellation
 j - 2 potions of heal wounds {@q2}
 m - a potion of flight
 p - 3 potions of invisibility
 q - 5 potions of curing {@q1}
 u - 4 potions of brilliance
 z - a potion of ambrosia
 E - 3 potions of might
 L - 2 potions of haste {@q3}
 P - a potion of magic
 U - a potion of resistance
Miscellaneous
 K - a box of beasts
Comestibles
 c - 24 rations {@e1}

Dungeon Overview and Level Annotations

Branches:
Dungeon (12/15)            Temple (1/1) D:4            Lair (5/6) D:10
 Shoals (0/4) Lair:3        Snake (0/4) Lair:3          Orc (0/2) D:12
  Slime: Lair:5-6

Altars:
Ashenzari
Cheibriados
Dithmenos
Elyvilon
Fedhas
Gozag
Hepliaklqana
Kikubaaqudgha
Makhleb
Nemelex Xobeh
Okawaru
Qazlal
Ru
Sif Muna
Trog
Uskayaw
Vehumet
Wu Jian
Xom
Yredelemnul
Zin
The Shining One

Shops:
D:4 %(=??

Annotations:
D:10 3 runed translucent doors, Cheops's ghost, journeyman SpEn
Lair:2 3 runed translucent doors, CrazyJ's ghost, novice DrCj
Lair:3 exclusions: door and 2 oklob plants, Gastronok

..................[.......#
...........)....##...)....#
......[........(##....(...#
................((....(<.##
##..........##.......#####
##....##....##.......#
......##........ยง....#
................D....#
....>...#....#..Y.####
........#....#....#
........#....#....# . D
#...## .... #...# ....
............... ....
............... ....
............... ....
...............


You could see a five-headed hydra.


Message History

The five-headed hydra bites you.
Unknown command.
You punch the five-headed hydra! You freeze the five-headed hydra.
The five-headed hydra is heavily wounded.
The five-headed hydra bites you!! The five-headed hydra bites you!
* * * LOW HITPOINT WARNING * * *
The five-headed hydra closely misses you.
The five-headed hydra bites you.
* * * LOW HITPOINT WARNING * * *
The five-headed hydra bites you.
* * * LOW HITPOINT WARNING * * *
You pummel the five-headed hydra!! You freeze the five-headed hydra!
The five-headed hydra is almost dead.
The five-headed hydra bites you!
* * * LOW HITPOINT WARNING * * *
The five-headed hydra bites you but does no damage.
The five-headed hydra bites you!
* * * LOW HITPOINT WARNING * * *
The five-headed hydra completely misses you.
The five-headed hydra bites you!
* * * LOW HITPOINT WARNING * * *
Casting: Ice Form (safe; 3% risk of failure)
Confirm with . or Enter, or press ? or * to list all spells.
You blink.
The five-headed hydra bites you!
* * * LOW HITPOINT WARNING * * *
The five-headed hydra bites you.
* * * LOW HITPOINT WARNING * * *
The five-headed hydra bites you!
You die...
Kikubaaqudgha rasps: "You have failed me!
Welcome... death!"

Skill      XL: |  1  2  3  4  5  6  7  8  9 10 11 12 13 |
---------------+----------------------------------------+-----
Unarmed Combat | 4 5 6 7 9 11 12 13 14 | 14.9
Transmutations | 3 4 5 6 8 9 |  9.0
Spellcasting   | 3 4 5 6 |  6.0
Fighting       | 4 6 7 8 |  8.9
Ice Magic      | 4 8 |  8.5
Necromancy     | 4 |  4.0
Conjurations   | 3 4 |  4.0
Charms         | 3 4 |  4.0
Translocations | 2 3 |  3.0
Dodging        | 5 |  5.1

Action                   |  1- 3 |  4- 6 |  7- 9 | 10-12 | 13-15 || total
-------------------------+-------+-------+-------+-------+-------++-------
Melee: Unarmed           |   134 |   217 |   337 |   625 |   303 ||  1616
       Headbutt          |     7 |     4 |       |       |     1 ||    12
       Tailslap          |     8 |    10 |     9 |     5 |    12 ||    44
       Kick              |     4 |       |       |       |       ||     4
       Punch             |       |     1 |     3 |       |     3 ||     7
 Cast: Beastly Appendage |    22 |     2 |       |     1 |     1 ||    26
       Spider Form       |     1 |    17 |    40 |    67 |    21 ||   146
       Blade Hands       |       |       |       |     1 |     5 ||     6
       Ice Form          |       |       |       |    24 |     3 ||    27
       Blink             |       |       |       |     7 |     7 ||    14
       Throw Icicle      |       |       |       |     1 |     2 ||     3
 Abil: Breathe Frost     |       |       |     1 |       |       ||     1
       End Transformatio |       |       |     1 |     8 |     2 ||    11
Evoke: Wand              |       |       |     8 |    14 |       ||    22
  Use: Scroll            |       |     4 |     5 |    13 |       ||    22
       Potion            |       |       |     3 |     5 |     1 ||     9
 Stab: Sleeping          |       |       |     3 |     1 |       ||     4
       Distracted        |       |       |       |       |     1 ||     1
  Eat: Chunk             |     4 |     8 |    19 |    37 |    11 ||    79
       Ration            |       |       |     1 |     3 |     2 ||     6
Armor: Skin              |    40 |    24 |    36 |    67 |    46 ||   213
Dodge: Dodged            |    71 |   156 |   285 |   534 |   220 ||  1266

Levels and vault maps discovered:
D:1:      saegor_arrival_under_anarchy, layout_basic
D:2:      layout_basic, grunt_gozag_breadcrumbs, first_ration,
          minmay_fractal_squares_5
D:3:      layout_rooms, uniq_jessica, uniq_robin, uniq_natasha
D:4:      layout_cave_pools, lemuel_temple_firewalk_b, serial_shops,
          nicolae_shop_temple_entry_statues_fountains,
          nicolae_shop_behind_doors, kennysheep_mini_moat, shop,
          nicolae_shop_behind_doors, serial_bayou_pond_b
D:5:      layout_basic, nicolae_qazlal_style_of_elements
D:6:      layout_rooms, nicolae_overflow_hidden_temple, uniq_sigmund
D:7:      layout_rooms, grunt_temple_overflow_open
D:8:      layout_loops_ring, overflow_temple_1_default, grunt_pizzeria
D:9:      layout_gridville
D:10:     layout_rooms, grunt_lair_entry_orc_guard_hut,
          ebering_ghost_rock_garden
D:11:     layout_grid_maze
D:12:     layout_gridville, erik_orc_4
Temple:   minmay_temple_curvy_loop
Lair:1:   layout_regular_city, minivault_26
Lair:2:   layout_regular_city, maelrawn_ghost_gauntlet_escape,
          lemuel_fruit_fields
Lair:3:   layout_long_grid, minmay_shoals_entry_hut, dummy_snake_entry,
          fungi_pond_lemuel, serial_bayou_shore_b, minmay_lair_oklob_chamber,
          uniq_gastronok
Lair:4:   layout_regular_city, grunt_forest_stairs_clearing
Lair:5:   layout_hall_layers, slime_altar_1, chequers_serial_rivers_micro_b,
          chequers_serial_rivers_small_a, minivault_24

Notes
Turn   | Place    | Note
-------+----------+-------------------------------------------
     0 | D:1      | Aisha the Draconian Transmuter began the quest for the Orb.
     0 | D:1      | Reached XP level 1. HP: 16/16 MP: 3/3
    69 | D:1      | Reached XP level 2. HP: 10/23 MP: 3/5
   858 | D:1      | Reached XP level 3. HP: 8/28 MP: 4/6
  1378 | D:2      | Found an opulent altar of Gozag.
  1475 | D:1      | Learned a level 3 spell: Spider Form
  1522 | D:2      | Reached skill level 4 in Unarmed Combat
  1943 | D:2      | Reached XP level 4. HP: 35/35 MP: 7/7
  2206 | D:3      | Reached skill level 3 in Transmutations
  2243 | D:3      | Reached skill level 3 in Spellcasting
  2243 | D:3      | Reached XP level 5. HP: 30/40 MP: 1/9
  2718 | D:3      | Reached skill level 5 in Unarmed Combat
  2723 | D:3      | Noticed Natasha
  2729 | D:3      | Killed Natasha
  2912 | D:3      | Noticed Robin
  2973 | D:3      | Killed Robin
  2973 | D:3      | Reached XP level 6. HP: 43/47 MP: 2/10
  3077 | D:3      | Identified a +0 robe of resistance
  3077 | D:3      | Noticed Jessica
  3084 | D:3      | Killed Jessica
  3278 | D:4      | Learned a level 4 spell: Ice Form
  3317 | D:4      | Reached skill level 4 in Transmutations
  3486 | D:4      | Found Xoor's Magic Scroll Emporium.
  3489 | D:4      | Bought a scroll of teleportation for 33 gold pieces
  3489 | D:4      | Bought a scroll of blinking for 82 gold pieces
  3515 | D:4      | Reached skill level 6 in Unarmed Combat
  3532 | D:4      | Found Bigior's Jewellery Shoppe.
  3569 | D:4      | Found Anaffuta's Magic Scroll Emporium.
  3578 | D:4      | Your scales start taking on an icy white colour.
  3578 | D:4      | Reached XP level 7. HP: 35/52 MP: 6/11
  3578 | D:4      | Gained mutation: Your flesh is cold resistant. (rC+) [White
                  | Draconian growth]
  3840 | D:4      | Found Xorus's Antique Weapon Shoppe.
  4059 | D:4      | Found Zoruenat's Food Shoppe.
  4169 | D:4      | Found a staircase to the Ecumenical Temple.
  4324 | Temple   | Entered the Ecumenical Temple
  4568 | D:5      | Entered Level 5 of the Dungeon
  4581 | D:4      | Reached skill level 7 in Unarmed Combat
  4741 | D:5      | Reached skill level 5 in Transmutations
  5021 | Temple   | Became a worshipper of Kikubaaqudgha
  5137 | D:5      | Found a stormy altar of Qazlal.
  5139 | D:5      | Noticed a water elemental
  5140 | D:5      | Noticed an air elemental
  5140 | D:5      | Noticed a fire elemental
  5190 | D:5      | Reached XP level 8. HP: 59/59 MP: 8/12
  5351 | D:5      | Reached skill level 8 in Unarmed Combat
  5911 | D:6      | Noticed Sigmund
  5960 | D:6      | Killed Sigmund
  5960 | D:6      | Reached skill level 6 in Transmutations
  6051 | D:6      | Reached skill level 9 in Unarmed Combat
  6097 | D:6      | Reached * piety under Kikubaaqudgha
  6097 | D:6      | Identified Kikubaaqudgha's Handbook of Necromancy
                  | (Kikubaaqudgha gifted it to you on level 6 of the Dungeon)
  6097 | D:6      | Received a gift from Kikubaaqudgha
  6680 | D:6      | Reached XP level 9. HP: 36/64 MP: 10/13
  6713 | D:6      | Found a radiant altar of Vehumet.
  6730 | D:6      | Learned a level 5 spell: Blade Hands
  6755 | D:7      | Reached skill level 10 in Unarmed Combat
  6755 | D:7      | Reached skill level 7 in Transmutations
  6759 | D:7      | Found a deep blue altar of Sif Muna.
  6760 | D:7      | Found a snail-covered altar of Cheibriados.
  6761 | D:7      | Found a sacrificial altar of Ru.
  6761 | D:7      | Found a stormy altar of Qazlal.
  6763 | D:7      | Found a burning altar of Makhleb.
  6763 | D:7      | Found a basalt altar of Yredelemnul.
  6764 | D:7      | Found an iron altar of Okawaru.
  6764 | D:7      | Found a shadowy altar of Dithmenos.
  6770 | D:7      | Noticed a troll
  7219 | D:7      | Killed a troll
  7843 | D:8      | Reached skill level 11 in Unarmed Combat
  7966 | D:8      | Reached skill level 8 in Transmutations
  8239 | D:8      | Found a shimmering altar of Xom.
  8358 | D:8      | Noticed a gargoyle
  8370 | D:8      | Killed a gargoyle
  8370 | D:8      | Reached ** piety under Kikubaaqudgha
  8952 | D:8      | Reached XP level 10. HP: 51/71 MP: 9/14
  9237 | D:9      | Reached skill level 12 in Unarmed Combat
  9246 | D:9      | Reached skill level 2 in Fighting
  9248 | D:9      | Noticed a two-headed ogre
  9709 | D:9      | Reached skill level 1 in Ice Magic
  9783 | D:9      | Reached *** piety under Kikubaaqudgha
  9783 | D:9      | Identified Kikubaaqudgha's Incunabulum of Stolen Souls
                  | (Kikubaaqudgha gifted it to you on level 9 of the Dungeon)
  9783 | D:9      | Received a gift from Kikubaaqudgha
  9999 | D:9      | Learned a level 3 spell: Regeneration
 10107 | D:9      | Killed a two-headed ogre
 10107 | D:9      | Reached skill level 3 in Fighting
 10107 | D:9      | Reached skill level 4 in Spellcasting
 10107 | D:9      | Reached skill level 9 in Transmutations
 10107 | D:9      | Reached skill level 3 in Ice Magic
 10161 | D:9      | Paralysed by a hornet for 1 turns
 10547 | D:10     | Entered Level 10 of the Dungeon
 10724 | D:9      | Reached skill level 4 in Ice Magic
 11072 | D:10     | Found a runed translucent gate.
 11072 | D:10     | Found a runed translucent gate.
 11072 | D:10     | Found a runed translucent gate.
 11072 | D:10     | Noticed Cheops's ghost (journeyman SpEn)
 11078 | D:10     | Reached skill level 4 in Fighting
 11522 | D:10     | Found a staircase to the Lair.
 11546 | D:9      | Reached XP level 11. HP: 22/84 MP: 5/17
 11973 | Lair:1   | Entered Level 1 of the Lair of Beasts
 12055 | Lair:1   | Reached skill level 5 in Ice Magic
 12149 | Lair:1   | HP: 7/84 [poisoned by a water moccasin]
 12533 | Lair:1   | Reached skill level 13 in Unarmed Combat
 12844 | Lair:1   | Reached skill level 5 in Spellcasting
 12844 | Lair:1   | Reached skill level 6 in Ice Magic
 13254 | Lair:1   | Reached **** piety under Kikubaaqudgha
 13345 | Lair:1   | Reached skill level 5 in Fighting
 13740 | Lair:1   | Learned a level 2 spell: Blink
 13783 | Lair:2   | Noticed a four-headed hydra
 13836 | Lair:2   | Killed a four-headed hydra
 13836 | Lair:2   | Reached skill level 7 in Ice Magic
 14055 | Lair:2   | Found a runed translucent gate.
 14055 | Lair:2   | Found a runed translucent gate.
 14057 | Lair:2   | Noticed a minotaur
 14058 | Lair:2   | Found a runed translucent gate.
 14059 | Lair:2   | Noticed CrazyJ's ghost (novice DrCj)
 14527 | Lair:2   | Reached skill level 8 in Ice Magic
 15155 | Lair:3   | Found a staircase to the Shoals.
 15155 | Lair:3   | Noticed Gastronok
 15190 | Lair:2   | Reached skill level 6 in Fighting
 15190 | Lair:2   | Reached XP level 12. HP: 52/96 MP: 10/20
 15201 | Lair:2   | Reached skill level 6 in Spellcasting
 15404 | Lair:2   | Learned a level 4 spell: Throw Icicle
 15438 | Lair:3   | Noticed a six-headed hydra
 15649 | Lair:3   | Reached skill level 1 in Necromancy
 15735 | Lair:3   | Noticed a seven-headed hydra
 15831 | Lair:2   | Reached skill level 1 in Conjurations
 15831 | Lair:2   | Reached skill level 1 in Charms
 16047 | Lair:3   | Killed a six-headed hydra
 16047 | Lair:3   | Reached skill level 14 in Unarmed Combat
 16379 | Lair:3   | Noticed a four-headed hydra
 16381 | Lair:3   | Found a staircase to the Snake Pit.
 16393 | Lair:3   | Killed a four-headed hydra
 16398 | Lair:3   | Reached skill level 2 in Necromancy
 16415 | Lair:3   | Reached skill level 2 in Conjurations
 16542 | Lair:3   | Killed a seven-headed hydra
 16542 | Lair:3   | Reached skill level 2 in Charms
 17431 | Lair:3   | Identified a potion of resistance
 17631 | Lair:4   | Noticed a seven-headed hydra
 17655 | Lair:4   | Killed a seven-headed hydra
 17655 | Lair:4   | Reached skill level 1 in Translocations
 17976 | Lair:4   | Reached skill level 7 in Fighting
 17981 | Lair:4   | Reached skill level 3 in Necromancy
 18211 | Lair:4   | Reached skill level 3 in Conjurations
 18304 | Lair:4   | Reached skill level 3 in Charms
 18459 | Lair:4   | Reached skill level 2 in Translocations
 18528 | Lair:4   | Noticed a four-headed hydra
 18541 | Lair:4   | Killed a four-headed hydra
 19021 | Lair:5   | Noticed a seven-headed hydra
 19391 | Lair:4   | Killed a seven-headed hydra
 19391 | Lair:4   | Reached ***** piety under Kikubaaqudgha
 19991 | Lair:5   | Noticed a death yak
 19994 | Lair:5   | Noticed a death yak
 20095 | Lair:5   | Noticed an eight-headed hydra
 20712 | D:11     | Noticed a two-headed ogre
 20731 | D:11     | Killed a two-headed ogre
 20731 | D:11     | Reached skill level 4 in Necromancy
 20731 | D:11     | Reached XP level 13. HP: 41/105 MP: 19/22
 21175 | D:11     | Reached skill level 3 in Translocations
 21555 | D:11     | Reached skill level 4 in Conjurations
 22534 | D:11     | Reached skill level 4 in Charms
 22681 | D:12     | Reached skill level 2 in Dodging
 22712 | D:12     | Reached skill level 8 in Fighting
 22990 | D:12     | Found a staircase to the Orcish Mines.
 23378 | D:12     | Reached skill level 3 in Dodging
 23841 | D:12     | Reached skill level 4 in Dodging
 24046 | D:12     | Reached ****** piety under Kikubaaqudgha
 24755 | D:4      | Bought the ring "Erod" {+Fly rPois SInv} for 394 gold
                  | pieces
 25039 | D:12     | Reached skill level 5 in Dodging
 25074 | D:12     | HP: 13/132 [five-headed hydra (7)]
 25074 | D:12     | Slain by a five-headed hydra

Vanquished Creatures
  8 hydras
  3 two-headed ogres
  An unseen horror (D:12)
  2 ugly things (D:11)
  A cyclops (D:11)
  A manticore (D:12)
  A black mamba (Lair:3)
  A torpor snail (Lair:2)
  9 spiny frogs
  2 gargoyles
  5 komodo dragons
  A rime drake (Lair:3)
  4 trolls
  3 polar bears
  8 blink frogs
  3 slime creatures (D:12)
  A hornet (D:9)
  3 hippogriffs
  2 spriggans
  Sigmund (D:6)
  34 yaks
  A hungry ghost (D:9)
  A wraith (D:12)
  3 basilisks
  2 vampire mosquitoes (D:12)
  2 wargs (D:12)
  6 water moccasins
  A soldier ant (D:12)
  7 porcupines
  4 black bears
  2 sky beasts (D:9)
  4 ice beasts
  7 ogres
  A necrophage (D:11)
  4 orc warriors
  A phantom (D:9)
  18 wolves
  3 boggarts (D:11)
  5 centaurs
  9 crocodiles
  6 big kobolds
  18 bullfrogs
  A wyvern skeleton (D:6)
  5 scorpions
  3 killer bees (D:8)
  4 wights (D:9)
  10 howler monkeys
  A crimson imp (D:9)
  A centaur zombie (D:5)
  5 hounds
  A quasit (D:6)
  3 jellies
  6 orc priests
  14 orc wizards
  A gnoll shaman (D:4)
  2 centaur skeletons
  4 bullfrog skeletons
  An iguana (D:5)
  Jessica (D:3)
  Natasha (D:3)
  8 worker ants
  2 hound skeletons (D:4)
  A worker ant zombie (D:11)
  Robin (D:3)
  13 adders
  5 gnolls (D:4)
  A howler monkey skeleton (D:6)
  3 shadow imps
  2 oozes
  2 adder skeletons
  2 worms (D:3)
  A dart slug (D:2)
  6 leopard geckos
  58 orcs
  4 bats
  7 giant cockroaches
  25 goblins
  14 hobgoblins
  43 kobolds
  8 quokkas
  2 ball pythons
  A ball python skeleton (D:4)
  5 frilled lizards
  A jackal zombie (D:6)
  A leopard gecko skeleton (D:5)
  A leopard gecko zombie (D:8)
  2 quokka zombies (D:6)
  6 rats
488 creatures vanquished.

Vanquished Creatures (others)
  7 fungi
  4 plants
11 creatures vanquished.

Grand Total: 499 creatures vanquished

Table legend:
 A = Turns spent in this place as a percentage of turns spent in the entire game.
 B = Non-inter-level travel turns spent in this place as a percentage of non-inter-level travel turns spent in the entire game.
 C = Inter-level travel turns spent in this place as a percentage of turns spent in this place.
 D = Turns resting spent in this place as a percentage of non-inter-level travel turns spent in this place.
 E = Turns spent auto-exploring this place as a percentage of non-inter-level travel turns spent in this place.
 F = Non-inter-level travel turns spent in this place divided by the number of levels of this place that you've seen.
                   A       B       C       D       E      F
               +-------+-------+-------+-------+-------+----------------------
         Total | 100.0 | 100.0 |   5.6 |  44.2 |  36.8 | 1314.5
       Dungeon |  66.7 |  66.5 |   5.9 |  41.8 |  37.9 | 1311.0
        Temple |   1.0 |   0.8 |  23.6 |   0.0 |  99.0 | 191.0
          Lair |  32.3 |  32.7 |   4.5 |  50.1 |  33.0 | 1547.6
               +-------+-------+-------+-------+-------+----------------------

Table legend:
 A = Non-vault XP
 B = Vault XP
 C = Vault XP percentage of total XP
 D = Non-vault monster count
 E = Vault monster count
 F = Vault count percentage of total count
                 A         B        C        D         E       F
            +---------+---------+-------+---------+---------+-------
      Total |   48621 |    2785 |   5.4 |     436 |      52 |  10.7
            +---------+---------+-------+---------+---------+-------
        D:1 |      49 |       0 |   0.0 |      28 |       0 |   0.0
        D:2 |      27 |      31 |  53.4 |      15 |       6 |  28.6
        D:3 |     219 |     109 |  33.2 |      38 |      15 |  28.3
        D:4 |     615 |      48 |   7.2 |      26 |       2 |   7.1
        D:5 |     806 |       0 |   0.0 |      23 |       0 |   0.0
        D:6 |     826 |     208 |  20.1 |      28 |       1 |   3.4
        D:7 |     811 |       0 |   0.0 |       8 |       0 |   0.0
        D:8 |    2278 |     234 |   9.3 |      35 |       1 |   2.8
        D:9 |    3759 |     133 |   3.4 |      44 |       1 |   2.2
       D:10 |     450 |     530 |  54.1 |      11 |       5 |  31.2
       D:11 |    5199 |       0 |   0.0 |      43 |       0 |   0.0
       D:12 |    8115 |     512 |   5.9 |      40 |      15 |  27.3
     Lair:1 |    5302 |       0 |   0.0 |      28 |       0 |   0.0
     Lair:2 |    5721 |       0 |   0.0 |      20 |       0 |   0.0
     Lair:3 |    6439 |     232 |   3.5 |      18 |       2 |  10.0
     Lair:4 |    7672 |     748 |   8.9 |      28 |       4 |  12.5
     Lair:5 |     333 |       0 |   0.0 |       3 |       0 |   0.0
            +---------+---------+-------+---------+---------+-------
